 Dungeon Crawl Stone Soup version 0.23.0-3-gf3c87f2 (webtiles) character file.

Game seed: 5772407212424889998

57 Gazerockf the Firebug (level 3, -3/19 HPs)
             Began as a Deep Elf Fire Elementalist on Feb 23, 2019.
             Slain by a worker ant (7 damage)
             ... on level 4 of the Dungeon.
             The game lasted 00:03:50 (862 turns).

Gazerockf the Firebug (Deep Elf Fire Elementalist)   Turns: 862, Time: 00:03:51

Health: -3/19      AC:  2    Str:  5    XL:     3   Next: 73%
Magic:  3/10       EV: 13    Int: 20    God:
Gold:   39         SH:  0    Dex: 15    Spells: 6/9 levels left

rFire    . . .     SeeInvis .   (no weapon)
rCold    . . .     Gourm    .   (no shield)
rNeg     . . .     Faith    .   a - +0 robe
rPois    .         Spirit   .   (no helmet)
rElec    .         Reflect  .   (no cloak)
rCorr    .         Harm     .   (no gloves)
MR       .....     Rnd*Tele +   (no boots)
Stlth    ++........             (no amulet)
HPRegen  0.06/turn              f - ring of teleportation (curse)
MPRegen  0.12/turn              (no ring)

@: lethally poisoned (-3 -> -6)
A: no striking features
a: no special abilities


You were on level 4 of the Dungeon.
You were not hungry.

You visited 1 branch of the dungeon, and saw 3 of its levels.

You collected 39 gold pieces.

Inventory:

Armour
 a - a +0 robe (worn)
Jewellery
 f - a cursed ring of teleportation (left hand)
Potions
 d - a potion of curing {unknown}
 e - 2 potions of might
 h - a potion of resistance {unknown}
Comestibles
 b - 4 chunks of flesh
 c - 3 rations


   Skills:
 - Level 2.4 Dodging
 - Level 2.4 Stealth
 + Level 3.7 Spellcasting
 + Level 2.1 Conjurations
 * Level 4.4 Fire Magic


You had 6 spell levels left.
You knew the following spells:

 Your Spells              Type           Power        Failure   Level  Hunger
a - Flame Tongue          Conj/Fire      ###..        3%          1    None
b - Throw Flame           Conj/Fire      ###...       5%          2    ##.....

Your spell library contained the following spells:

 Spells                   Type           Power        Failure   Level  Hunger
 Conjure Flame            Conj/Fire      ###.....     11%         3    ###....
 Inner Flame              Hex/Fire       ##......     16%         3    ###....
 Sticky Flame             Conj/Fire      ###.....     34%         4    ####...
 Fireball                 Conj/Fire      ###.......   67%         5    ######.


Dungeon Overview and Level Annotations

Branches:
Dungeon (2/15)

Altars:


Message History

Some of the chunks of flesh in your inventory have rotted away.
A gnoll comes into view.
You feel sick.
The worker ant bites you but does no damage.
A gnoll comes into view. It is wielding a +0 spear.
The adder bites you.
A gnoll comes into view. It is wielding a +0 spear.
The adder bites you.
* * * LOW HITPOINT WARNING * * *
As you read the scroll labeled DAOPSO NATAQU, it crumbles to dust.
You feel aware of your surroundings.
You sensed 1 shop/portal.
It was a scroll of magic mapping.
You feel sick.
The gnoll shouts! x2; You hear a shout!
The worker ant barely misses you. The adder barely misses you.
A gnoll comes into view. It is wielding a +0 spear.
As you read the scroll labeled DARASS LAOHUOB, it crumbles to dust.
The scroll dissolves into smoke.
It was a scroll of fog.
The worker ant misses you. The adder completely misses you.
The worker ant bites you!
You die...

####'#.#####...,,,,.....*,*,* *,*
#.#.#####.######.....,,*,* *,*
#.#.w.a..a...........***,* *,*
####o########.####.[....***,***,,
....a#*,,,,,#...........,,,,,,,,,
.....##+##*,#..#..>g....,,,,,,,,,
.........#*,#.##oa§#####*********
....>....+,....#Sa.#,,,,,,,,,,,,,
.........##....#@§.#,,,,,,,,,,,,,
##.......##....#§§.#<************
#.......##.#..#.§§#,*,,,,,,,,,,,
#.......##.#.,#...#,*,,,,,,,,,,,
#.......#*,**,#g..#,*,**********
#...^...#*,,,,.g..#,*,*,,,,,,,,,
*,,,,,,,*****,.#..#,*,*,,,,,,,,,
*,,,,,,,******.*g.#,*,*,,,,,,,,,
*,,,,,,,*,,,,,,*,,*<*,*,,,,,,,,,


You could see 2 worker ants, 3 gnolls, an adder and an orc.

Vanquished Creatures
  3 adders (D:2)
  An ooze (D:1)
  2 dart slugs (D:1)
  2 leopard geckos (D:1)
  A ball python (D:1)
  3 giant cockroaches
  A kobold (D:2)
  3 bats (D:1)
  2 frilled lizards (D:1)
  3 goblins
  2 rats (D:1)
23 creatures vanquished.

Notes
Turn   | Place    | Note
-------+----------+-------------------------------------------
     0 | D:1      | Gazerockf the Deep Elf Fire Elementalist began the quest
                  | for the Orb.
     0 | D:1      | Reached XP level 1. HP: 10/10 MP: 6/6
   180 | D:1      | Reached XP level 2. HP: 15/15 MP: 4/8
   542 | D:1      | Reached skill level 4 in Fire Magic
   661 | D:2      | Reached XP level 3. HP: 19/19 MP: 8/10
   829 | D:2      | Learned a level 2 spell: Throw Flame
   832 | D:2      | You fall through a shaft for 2 floors!
   862 | D:4      | Slain by a worker ant

Skill      XL: |  1  2  3 |
---------------+----------+-----
Fire Magic     | 4 |  4.4
Conjurations   | 2 |  2.1
Dodging        | |  2.4
Stealth        | |  2.4
Spellcasting   | |  3.7

Action                   || total
-------------------------++-------
Melee: Unarmed           ||     4
 Cast: Flame Tongue      ||    41
       Throw Flame       ||     3
  Use: Scroll            ||     3
Armor: Robe              ||     4
Dodge: Dodged            ||    18
